 Dungeon Crawl Stone Soup version 0.31.0-12-g77e489cdc1 (webtiles) character file.

Game seed: 6888997370183927892

36614 sking99 the Basher (level 13, -9/84 HPs)
             Began as a Gargoyle Fighter on Feb 29, 2024.
             Was an Elder of Qazlal.
             Mangled by a death yak (19 damage)
             ... on level 3 of the Lair of Beasts.
             The game lasted 00:34:29 (15294 turns).

sking99 the Basher (Gargoyle Fighter)              Turns: 15294, Time: 00:34:30

Health: -9/84      AC: 31    Str: 25    XL:     13   Next: 91%
Magic:  20/20      EV:  7    Int:  9    God:    Qazlal [****..]
Gold:   1020       SH: 11    Dex:  9    Spells: 12/12 levels left

rFire   . . .        B - +0 morningstar
rCold   + + +        c - +0 buckler
rNeg    + . .        M - +2 plate armour {rC+}
rPois   ∞            b - +0 helmet
rElec   +            N - scarf {repulsion}
rCorr   .            (no gloves)
SInv    .            y - +2 pair of boots {Stlth+}
Will    .....        (no amulet) Stlth
                     J - ring of protection from cold
HPRegen 0.34/turn    m - ring of protection from cold
MPRegen 0.17/turn

%: repel missiles
@: no status effects
A: sickness immunity, AC +9, negative energy resistance 1, electricity
resistance, torment resistance 1, petrification resistance
a: Renounce Religion, Upheaval, Elemental Force


You were on level 3 of the Lair of Beasts.
You worshipped Qazlal.
Qazlal was greatly pleased with you.
You visited 3 branches of the dungeon, and saw 15 of its levels.
You also visited: Bailey and Ice Cave.

You collected 1020 gold pieces.

Inventory:

Hand Weapons
 a - a +0 flail
 B - a +0 morningstar (weapon)
Missiles
 I - a throwing net (quivered)
Armour
 b - a +0 helmet (worn)
 c - a +0 buckler (worn)
 y - a +2 pair of boots of stealth (worn)
 M - a +2 plate armour of cold resistance (worn)
 N - a scarf of repulsion (worn)
Jewellery
 e - a +5 ring of evasion
 l - the ring "Cir Zeiwkuom" {AC+4 Dex+3}
   (You found it on level 2 of the Dungeon)

   [ring of protection]

   AC+4:      It affects your AC (+4).
   Dex+3:     It affects your dexterity (+3).
 m - a ring of protection from cold (right hand)
 t - a +5 ring of evasion
 u - a ring of willpower
 A - the ring of Grontol {rN+ Str+2}
   (You found it on level 6 of the Dungeon)

   [ring of positive energy]

   Str+2:     It affects your strength (+2).
   rN+:       It protects you from negative energy.
 J - a ring of protection from cold (left hand)
 O - the amulet of Netripa {RegenMP rF- Str+5 Int+2 SInv}
   (You found it on level 2 of the Lair of Beasts)

   [amulet of magic regeneration]

   RegenMP:   It increases your rate of magic regeneration.
   Str+5:     It affects your strength (+5).
   Int+2:     It affects your intelligence (+2).
   rF-:       It makes you vulnerable to fire.
   SInv:      It lets you see invisible.
 Q - a ring of positive energy
Talismans
 g - a storm talisman
Wands
 o - a wand of polymorph (15)
 H - a wand of light (11)
Scrolls
 f - 3 scrolls of vulnerability
 h - 6 scrolls of amnesia
 k - 4 scrolls of butterflies
 s - a scroll of enchant armour {unknown}
 D - 3 scrolls of fear {unknown}
 E - 5 scrolls of teleportation
 G - a scroll of immolation
 K - a scroll of fog {unknown}
 L - 2 scrolls of identify
 P - a scroll of revelation
Potions
 d - 2 potions of might
 i - a potion of ambrosia {unknown}
 j - 3 potions of curing
 p - 5 potions of lignification
 q - 3 potions of mutation {unknown}
 r - 2 potions of enlightenment {unknown}
 v - 2 potions of resistance {unknown}
 w - 5 potions of haste
 x - a potion of invisibility {unknown}
 z - 3 potions of attraction {unknown}
 C - 2 potions of brilliance {unknown}
 F - 2 potions of berserk rage {unknown}
 R - a potion of degeneration {unknown}
Miscellaneous
 n - a phantom mirror


   Skills:
 + Level 11.3 Fighting
 * Level 13.9 Maces & Flails
 + Level 11.3 Armour
 + Level 11.0 Shields
 + Level 10.3 Invocations


You had 12 spell levels left.
You didn't know any spells.
Your spell library contained the following spells:

 Spells                   Type           Power      Damage    Failure   Level
 Freeze                   Ice            0%         1d3       99%         1
 Kiss of Death            Conj/Necr      0%         2d5       99%         1
 Shock                    Conj/Air       0%         1d3       99%         1
 Blink                    Tloc           0%         N/A       100%        2
 Lesser Beckoning         Tloc           0%         N/A       100%        2
 Momentum Strike          Conj/Tloc      0%         3d8       100%        2
 Scorch                   Fire           0%         2d5       100%        2
 Confusing Touch          Hex            0%         N/A       100%        3
 Frozen Ramparts          Ice            0%         1d1       100%        3
 Fugue of the Fallen      Necr           0%         N/A       100%        3
 Hailstorm                Conj/Ice       0%         3d5       100%        3
 Ozocubu's Armour         Ice            0%         N/A       100%        3
 Swiftness                Air            0%         N/A       100%        3
 Airstrike                Air            0%         2d(0-16)  100%        4
 Dispel Undead            Necr           0%         3d6       100%        4
 Flame Wave               Conj/Fire      0%         2d4       100%        4
 Manifold Assault         Tloc           0%         N/A       100%        4
 Summon Forest            Summ/Tloc      0%         N/A       100%        5
 Summon Mana Viper        Hex/Summ       0%         N/A       100%        5
 Summon Cactus Giant      Summ           0%         N/A       100%        6
 Ozocubu's Refrigeration  Ice            0%         4d7       100%        7
 Polar Vortex             Ice            0%         N/A       100%        9


Dungeon Overview and Level Annotations

Branches:
Dungeon (11/15)            Temple (1/1) D:5            Lair (3/5) D:9
 Shoals (0/4) Lair:3        Snake (0/4) Lair:2          Orc (0/2) D:9
 Bailey (visited)           IceCv (visited)

Altars:
Ashenzari
Cheibriados
Dithmenos
Elyvilon
Fedhas
Gozag
Hepliaklqana
Kikubaaqudgha
Makhleb
Nemelex Xobeh
Okawaru
Qazlal
Ru
Sif Muna
Trog
Uskayaw
Vehumet
Wu Jian
Xom
Yredelemnul
Zin
The Shining One

Shops:
D:6 :   D:8 =


Innate Abilities, Weirdness & Mutations

You are immune to sickness and miasma.
Your stone body is resilient. (AC +9)
You are immune to poison.
You resist negative energy. (rN+)
You are resistant to electric shocks. (rElec)
You are resistant to unholy torment.
You are immune to petrification.


Message History

The bullfrog hits you but does no damage.
The bullfrog barely misses you. The death yak gores you!
* * * LOW HITPOINT WARNING * * *
The bullfrog attacks as it pursues you! The bullfrog barely misses you.
You feel better.
The bullfrog is engulfed in freezing vapours.
You kill the bullfrog!
Qazlal accepts your kill. You block the death yak's attack.
You hit the death yak but do no damage.
The death yak is moderately wounded.
The death yak gores you but does no damage.
You sock the death yak!
The death yak is heavily wounded.
You block the death yak's attack.
You barely miss the death yak.
The death yak is heavily wounded.
You sock the death yak!
The death yak is severely wounded.
You block the death yak's attack.
You barely miss the death yak.
The death yak is severely wounded.
The death yak gores you.
You hit the death yak but do no damage.
The death yak is severely wounded.
The death yak gores you!
* * * LOW HITPOINT WARNING * * *
You hit the death yak.
The death yak is severely wounded.
You block the death yak's attack.
You puncture the death yak!
The death yak is severely wounded.
You thump the death yak!
The death yak is almost dead.
The death yak gores you!
* * * LOW HITPOINT WARNING * * *
You puncture the death yak!
The death yak is almost dead.
The death yak gores you!!
You die...

#....#
####.#
#.#
##.#
##..#
###..##
##.#§.#
#..°..#
##@#..#
##Y#.#
♣ ##..#
.♣
#..#♣.♣
##.#..#
#....#
#P.#..#
#..#♣.♣
#..# .♣


You could see a death yak.

Vanquished Creatures
  2 azure jellies (IceCv)
  A quicksilver ooze (IceCv)
  3 hydras
  3 two-headed ogres
  A skyshark (Lair:2)
  A manticore (Lair:3)
  A salamander (Lair:2)
  Joseph (D:9)
  A cyclops (D:11)
  4 elephants (Lair:2)
  3 ice statues (IceCv)
  A black mamba (Lair:1)
  4 cane toads
  A torpor snail (Lair:2)
  An unseen horror (D:11)
  An orange demon (D:9)
  12 komodo dragons
  Psyche (D:10)
  A wind drake (Lair:3)
  2 polar bears
  17 blink frogs
  A hornet (D:7)
  6 dream sheep
  40 yaks
  2 wyverns
  Grum (D:8)
  2 basilisks
  A neqoxec (D:9)
  A chaos spawn (D:9)
  3 nagas (Lair:2)
  13 water moccasins
  4 great orb of eyes simulacra (IceCv)
  Duvessa (D:5)
  An acid dragon (D:10)
  2 ice beasts
  8 orc warriors
  2 sky beasts
  3 black bears (D:9)
  2 ogres (D:7)
  3 centaurs
  10 wolves
  A phantom (D:5)
  2 slime creature simulacra (IceCv)
  16 bullfrogs
  6 glowing shapeshifter simulacra (IceCv)
  A gnoll sergeant (D:5)
  9 kobold brigands
  4 scorpions
  A jelly (D:6)
  Dowan (D:5)
  6 killer bees (D:7)
  An electric eel (Lair:1)
  5 howler monkeys
  2 hounds (D:5)
  An iron imp (D:9)
  7 orc priests
  2 bombardier beetles
  6 sleepcaps
  A gnoll bouda (D:9)
  Natasha (thrice) (D:2)
  3 iguanas (D:5)
  11 orc wizards
  2 shapeshifter simulacra (IceCv)
  7 gnolls
  6 adders
  A shadow imp (D:9)
  4 white imps
  An ufetubus (D:9)
  2 dart slugs
  A ribbon worm (D:4)
  26 orcs
  3 endoplasms
  4 giant cockroaches
  8 goblins
  7 hobgoblins
  5 jackals
  3 quokkas
  3 ball pythons
  4 bats
  4 frilled lizards
  33 kobolds
  4 rats
385 creatures vanquished.

Vanquished Creatures (others)
  A white imp (D:9)
1 creature vanquished.

Grand Total: 386 creatures vanquished

Notes
Turn   | Place    | Note
-------+----------+-------------------------------------------
     0 | D:1      | sking99 the Gargoyle Fighter began the quest for the Orb.
     0 | D:1      | Reached XP level 1. HP: 14/14 MP: 1/1
    46 | D:1      | Found a faded altar of an unknown god.
   151 | D:1      | Reached XP level 2. HP: 16/19 MP: 2/2
   496 | D:1      | Reached XP level 3. HP: 21/23 MP: 3/3
   781 | D:1      | Prayed at the altar of an unknown god.
   781 | D:1      | Became a worshipper of Qazlal Stormbringer
   781 | D:1      | Reached * piety under Qazlal
   886 | D:2      | Identified the ring "Cir Zeiwkuom" {AC+4 Dex+3}
   937 | D:2      | Noticed Natasha
   944 | D:2      | Killed Natasha
  1053 | D:2      | Reached skill level 3 in Maces & Flails
  1053 | D:2      | Reached XP level 4. HP: 29/29 MP: 4/4
  1062 | D:2      | Noticed Natasha
  1072 | D:2      | Killed Natasha
  1085 | D:2      | Noticed Natasha
  1096 | D:2      | Killed Natasha
  1097 | D:2      | Reached skill level 1 in Invocations
  1135 | D:2      | Reached XP level 5. HP: 33/33 MP: 5/5
  1449 | D:3      | Found a burning altar of Makhleb.
  1659 | D:3      | Reached ** piety under Qazlal
  1720 | D:3      | Found an ancient bone altar of Kikubaaqudgha.
  1894 | D:4      | Reached XP level 6. HP: 7/38 MP: 7/7
  2073 | D:4      | Found an opulent altar of Gozag.
  2217 | D:4      | Reached skill level 4 in Maces & Flails
  2638 | D:5      | Entered Level 5 of the Dungeon
  2809 | D:5      | Reached XP level 7. HP: 44/44 MP: 8/8
  2894 | D:5      | Found a staircase to the Ecumenical Temple.
  2903 | Temple   | Entered the Ecumenical Temple
  3059 | D:5      | Reached skill level 5 in Maces & Flails
  3132 | D:5      | Noticed Duvessa
  3132 | D:5      | Noticed Dowan
  3146 | D:5      | Killed Dowan
  3147 | D:5      | Reached skill level 5 in Fighting
  3160 | D:5      | Killed Duvessa
  3161 | D:5      | Reached skill level 5 in Armour
  3161 | D:5      | Reached skill level 5 in Shields
  3319 | D:5      | Reached XP level 8. HP: 43/49 MP: 10/10
  3465 | D:5      | Found a stormy altar of Qazlal.
  3468 | D:5      | Found a glowing silver altar of Zin.
  3473 | D:5      | Found a snail-covered altar of Cheibriados.
  3473 | D:5      | Found a shimmering blue altar of Sif Muna.
  4238 | D:6      | Noticed a yak
  4238 | D:6      | Noticed a yak
  4238 | D:6      | Noticed a yak
  4255 | D:6      | Reached skill level 6 in Maces & Flails
  4335 | D:6      | Noticed a yak
  4345 | D:6      | Killed a yak
  4345 | D:6      | Reached *** piety under Qazlal
  4504 | D:6      | Identified the ring of Grontol {rN+ Str+2}
  4540 | D:6      | Killed a yak
  4550 | D:6      | Killed a yak
  4551 | D:6      | Reached XP level 9. HP: 55/55 MP: 12/12
  4564 | D:6      | Reached skill level 7 in Maces & Flails
  4837 | D:6      | Found Tidghass's Book Emporium.
  5221 | D:7      | Noticed a hornet
  5236 | D:7      | Killed a hornet
  5237 | D:7      | Reached skill level 5 in Invocations
  5687 | D:7      | Reached skill level 8 in Maces & Flails
  6169 | D:8      | Noticed Maurice
  6170 | D:8      | Maurice stole a +5 ring of evasion
  6181 | D:8      | Maurice changed into Maurice the wyvern
  6181 | D:8      | Noticed Maurice
  6182 | D:8      | Killed Maurice the wyvern
  6182 | D:8      | Noticed a two-headed ogre
  6183 | D:8      | Reached XP level 10. HP: 34/63 MP: 12/14
  6314 | D:8      | Killed a two-headed ogre
  6492 | D:8      | Noticed Grum
  6493 | D:8      | Found Baucleakk's Jewellery Shoppe.
  6553 | D:8      | Killed Grum
  6741 | D:8      | Reached skill level 9 in Maces & Flails
  7167 | D:9      | Noticed an orange demon
  7408 | D:9      | Noticed a two-headed ogre
  7421 | D:9      | Killed a two-headed ogre
  7545 | D:9      | Reached XP level 11. HP: 66/68 MP: 16/16
  7551 | D:9      | You fall into a shaft and drop 2 floors!
  7870 | D:11     | Reached skill level 10 in Maces & Flails
  7909 | D:11     | Noticed a two-headed ogre
  7918 | D:11     | Killed a two-headed ogre
  7973 | D:11     | Noticed a cyclops
  8006 | D:11     | Killed a cyclops
  8069 | D:10     | Entered Level 10 of the Dungeon
  8092 | D:10     | Found a flagged portal.
  8101 | D:10     | Noticed Psyche
  8112 | D:10     | Killed Psyche
  8117 | Bailey   | Entered a bailey
  8262 | Bailey   | Found a bloodstained altar of Trog.
  8353 | D:10     | Identified the +3 hand axe of Reefur {holy, *Slow rPois
                  | rN+}
  8401 | D:9      | Noticed Joseph
  8413 | D:9      | Killed Joseph
  8480 | D:9      | Found a staircase to the Lair.
  8506 | D:9      | HP: 2/69 [komodo dragon (7)]
  8633 | D:9      | Found a staircase to the Orcish Mines.
  8731 | D:9      | Found an ornate altar of the Wu Jian Council.
  9179 | D:10     | Reached skill level 11 in Maces & Flails
  9752 | Lair:1   | Entered Level 1 of the Lair of Beasts
  9909 | Lair:1   | Found a frozen archway.
  9918 | IceCv    | Entered an ice cave
 10230 | IceCv    | Noticed a quicksilver ooze
 10253 | IceCv    | Killed a quicksilver ooze
 10254 | IceCv    | Reached XP level 12. HP: 15/76 MP: 1/18
 10730 | IceCv    | Noticed an azure jelly
 10734 | IceCv    | Noticed an azure jelly
 10745 | IceCv    | Killed an azure jelly
 10751 | IceCv    | Killed an azure jelly
 10858 | IceCv    | Found a viscous altar of Jiyva.
 10881 | IceCv    | Got the Enchiridion on Rime
 11145 | Lair:1   | Reached skill level 12 in Maces & Flails
 11465 | Lair:1   | Reached skill level 10 in Fighting
 11930 | Lair:1   | Reached skill level 10 in Armour
 12684 | Lair:2   | Noticed an eight-headed hydra
 12691 | Lair:2   | Killed an eight-headed hydra
 12692 | Lair:2   | Reached skill level 10 in Shields
 12842 | Lair:2   | Identified the amulet of Netripa {RegenMP rF- Str+5 Int+2
                  | SInv}
 12948 | Lair:2   | Reached XP level 13. HP: 76/83 MP: 20/20
 13089 | Lair:2   | Found a staircase to the Snake Pit.
 13098 | Lair:2   | Reached **** piety under Qazlal
 13229 | Lair:2   | Reached skill level 13 in Maces & Flails
 14320 | Lair:3   | Reached skill level 10 in Invocations
 15075 | Lair:3   | Found a staircase to the Shoals.
 15294 | Lair:3   | Mangled by a death yak

Illustrated notes

Levels and vault maps discovered:
D:1:      doesnt_arrival_eight_statues, layout_basic,
          ebering_ecumenical_altar_mist
D:2:      layout_rooms, uniq_natasha
D:3:      layout_rooms, mainiacjoe_overflow_alcove_2, bloody_makhleb
D:4:      layout_loops_ring, general_overflow_altar
D:5:      layout_loops_corners, grunt_temple_overflow_open,
          minmay_temple_entry_junction, uniq_duvessa
D:6:      kb_forest_paths, layout_basic, serial_shops,
          nicolae_book_shop_shelving
D:7:      layout_loops_ring, lemuel_flamethrower_2
D:8:      layout_basic, serial_shops, nicolae_square_shop, uniq_grum,
          uniq_maurice
D:9:      layout_loops_ring, nzn_wu_jian_contemplation,
          due_lair_maze_entry_diamond, nicolae_demonic_statue_gallery,
          uniq_joseph
D:10:     layout_loops_ring, enter_bailey_6, uniq_psyche
D:11:     layout_cave_pods, uniq_erolcha
Temple:   nicolae_temple_bog_church
Lair:1:   layout_roguey, portal_ice_cave_entry_pillars_1, serial_bayou_shore_a
Lair:2:   layout_gridlike, alex1729_snake_entry_snake, st_stairs_9,
          columned_hall_lemuel
Lair:3:   nzn_winding_woodlands_three_and_one
          [nzn_winding_woodlands_5x15_zeroes,
          nzn_winding_woodlands_5x15_lazy_stream,
          nzn_winding_woodlands_5x15_twine,
          nzn_winding_woodlands_center_diamonds], layout_misc_corridors,
          minmay_shoals_entry_beasts, nicolae_lair_grove_arrangements,
          grunt_megastairs_4

Skill      XL: |  1  2  3  4  5  6  7  8  9 10 11 12 13 |
---------------+----------------------------------------+-----
Maces & Flails | 3 4 5 6 8 9 11 12 13 | 13.9
Invocations    | 1 2 3 4 5 6 8 9 10 | 10.3
Armour         | 4 5 6 7 8 9 10 11 | 11.3
Fighting       | 4 5 6 7 8 9 10 11 | 11.3
Shields        | 4 5 6 7 9 10 11 | 11.0

Action                     |  1- 3 |  4- 6 |  7- 9 | 10-12 | 13-15 || total
---------------------------+-------+-------+-------+-------+-------++-------
  Melee: Flail             |    82 |   164 |   282 |       |       ||   528
         Unarmed           |       |     7 |       |       |       ||     7
         Morningstar       |       |       |    82 |   785 |   346 ||  1213
 Invoke: Upheaval          |       |       |     6 |    18 |     6 ||    30
  Evoke: Wand              |       |       |     1 |       |       ||     1
    Use: Scroll            |       |     8 |     5 |     4 |     1 ||    18
         Potion            |       |       |     1 |     3 |     1 ||     5
 Armour: Scale mail        |    75 |    13 |       |       |       ||    88
         Skin              |       |     2 |       |     1 |       ||     3
         Plate armour      |       |   109 |   298 |   573 |   337 ||  1317
  Dodge: Dodged            |    45 |    42 |    95 |   322 |   117 ||   621
         Repelled          |       |       |       |       |     3 ||     3
  Block: Buckler           |    32 |    56 |   163 |   372 |   219 ||   842
         Other             |       |       |       |     1 |       ||     1
